 Dungeon Sprint DCSS version 0.16-a0-890-g98fc465 (webtiles) character file.

5433 Psiweapon the Bludgeoner (level 10, -1/132 HPs)
             Began as an Ogre Berserker on Sept 29, 2014.
             Was a High Priest of Trog.
             Slain by an unseen horror (4 damage)
             ... in the Dungeon (Sprint I: "Red Sonja").
             The game lasted 00:08:25 (2102 turns).

Psiweapon the Bludgeoner (Ogre Berserker)           Turns: 2102, Time: 00:08:25

HP  -1/132       AC  5     Str 27      XL: 10   Next: 68%
MP  10/10        EV 14     Int  6      God: Trog [*****.]
Gold 764         SH  0     Dex  9      Spells:  0 memorised,  9 levels left

rFire  + . .     SeeInvis .     k - +0 giant spiked club
rCold  . . .     Clarity  .     l - +2 robe {rF+}
rNeg   . . .     rCorr    .     (shield restricted)
rPois  .         rRot     .     (helmet restricted)
rElec  .         Spirit   .     (no cloak)
SustAb .         Warding  .     (gloves unavailable)
rMut   .         NoTele   +     (boots unavailable)
Gourm  .                        (no amulet)
MR     +....                    (no ring)
                                (no ring)

@: lethally poisoned, somewhat resistant to hostile enchantments, unstealthy
A: unfitting armour, tough skin 1
a: Burn Spellbooks, Berserk, Trog's Hand, Brothers in Arms, Renounce Religion


You were in the Dungeon.
You worshipped Trog.
Trog was extremely pleased with you.
You were not hungry.

You visited 1 branch You collected 764 gold pieces.

Inventory:

Hand weapons
 a - a +0 mace
 k - a +0 giant spiked club (weapon)
Armour
 b - a +0 animal skin
 l - a +2 robe of fire resistance (worn)
Scrolls
 i - a scroll of blinking
 n - a scroll of amnesia {unknown}
 o - a scroll of identify {unknown}
Potions
 d - a potion of might {unknown}
 f - a potion of haste
 g - 2 potions of magic
 h - a potion of berserk rage


   Skills:
 + Level 17.8 Fighting
 + Level 18.1 Maces & Flails
 + Level 4.6 Armour
 + Level 11.7 Dodging
 + Level 3.0 Stealth


You had 9 spell levels left.
You didn't know any spells.

Dungeon Overview and Level Annotations

Branches:
Dungeon (1/1)

Altars:
Cheibriados
Dithmenos
Elyvilon
Fedhas
Gozag
Kikubaaqudgha
Makhleb
Nemelex Xobeh
Okawaru
Qazlal
Sif Muna
Trog
Vehumet
Xom
Yredelemnul
Zin
The Shining One
Jiyva

Shops:
D ([


Innate Abilities, Weirdness & Mutations

You are too large for most types of armour.
You have tough skin (AC +1).


Message History

Your Maces & Flails skill increases to level 18!
Your Stealth skill increases to level 3!
You feel a bit more experienced.
You feel sick.
You close the door.
You feel sick.
Deactivating autopickup; reactivate with Ctrl-A.
You hit something.
You feel sick. Something hits you.
* * * LOW HITPOINT WARNING * * *
Something hits you.
* * * LOW HITPOINT WARNING * * *
You start resting.
You repair your equipment.
Something hits you.
* * * LOW HITPOINT WARNING * * *
Something hits you but does no damage.
You impale something!! Something hits you.
* * * LOW HITPOINT WARNING * * *
Something hits you.
You die...

.._##'#..(§§§§.'..#...
∩...'..._#≈≈).§#..#.§§§
.._##_.#'##§#####'###§.§
___###+#(#§§.)###.'.#§§.#
#### ####'###.###.#.§##
+.....'.∩##.#..#
###########§##
#.......##§# #......@.+§#
#+++######.# #JJJJJ.§§#§#
#.J.J...#§§# .J..§.§####
.....≈≈ ...≈≈≈# ≈≈≈## ##


There were no monsters in sight!

Vanquished Creatures
  2 centaur warriors (D)
  A deep troll (D)
  An unseen horror (D)
  An oklob plant (D)
  A gargoyle (D)
  A smoke demon (D)
  4 demonic crawlers (D)
  2 kobold demonologists (D)
  A slime creature (D)
  4 trapdoor spiders (D)
  A yak (D)
  A yellow wasp (D)
  An ogre (D)
  Sigmund (D)
  3 jellies (D)
  Ijyb (D)
  2 giant eyeballs (D)
28 creatures vanquished.

Vanquished Creatures (others)
  A gargoyle (D)
  2 yellow wasps (D)
3 creatures vanquished.

Grand Total: 31 creatures vanquished

Notes
Turn   | Place    | Note
--------------------------------------------------------------
     0 | D        | Psiweapon, the Ogre Berserker, began the quest for the Orb.
     0 | D        | Reached XP level 1. HP: 24/24 MP: 1/1
     1 | D        | Noticed Ijyb
    21 | D        | Killed Ijyb
    21 | D        | Reached skill level 5 in Fighting
    21 | D        | Reached skill level 5 in Maces & Flails
    21 | D        | Reached XP level 2. HP: 6/36 MP: 2/2
   271 | D        | Noticed an ogre
   276 | D        | Killed an ogre
   276 | D        | Reached skill level 8 in Fighting
   276 | D        | Reached XP level 3. HP: 48/48 MP: 3/3
   276 | D        | Reached XP level 4. HP: 57/57 MP: 4/4
   290 | D        | Noticed Sigmund
   298 | D        | Killed Sigmund
   298 | D        | Acquired Trog's second power
   298 | D        | Reached skill level 9 in Fighting
   298 | D        | Reached XP level 5. HP: 35/67 MP: 5/5
   440 | D        | Found a deep blue altar of Sif Muna.
   441 | D        | Noticed a jelly
   442 | D        | Found a radiant altar of Vehumet.
   444 | D        | Killed a jelly
   463 | D        | Found Jupocuw's Weapon Emporium.
   463 | D        | Found a white marble altar of Elyvilon.
   463 | D        | Found a stormy altar of Qazlal.
   463 | D        | Found a basalt altar of Yredelemnul.
   463 | D        | Found an iron altar of Okawaru.
   463 | D        | Found a sparkling altar of Nemelex Xobeh.
   463 | D        | Found a shimmering altar of Xom.
   463 | D        | Found an ancient bone altar of Kikubaaqudgha.
   463 | D        | Noticed a yak
   468 | D        | Killed a yak
   468 | D        | Reached skill level 11 in Fighting
   468 | D        | Reached skill level 10 in Maces & Flails
   468 | D        | Reached skill level 5 in Dodging
   468 | D        | Reached XP level 6. HP: 46/80 MP: 6/6
   469 | D        | Found a burning altar of Makhleb.
   469 | D        | Found a glowing golden altar of the Shining One.
   469 | D        | Found an opulent altar of Gozag.
   469 | D        | Found a glowing silver altar of Zin.
   470 | D        | Found a bloodstained altar of Trog.
   608 | D        | Found a viscous altar of Jiyva.
   608 | D        | Found a blossoming altar of Fedhas.
   608 | D        | Noticed a slime creature
   609 | D        | Found a snail-covered altar of Cheibriados.
   609 | D        | Found a shadowy altar of Dithmenos.
   614 | D        | Killed a slime creature
   614 | D        | Reached skill level 12 in Fighting
   614 | D        | Reached XP level 7. HP: 48/92 MP: 7/7
   718 | D        | Noticed a kobold demonologist
   719 | D        | Noticed a kobold demonologist
   720 | D        | Noticed a smoke demon
   724 | D        | Killed a kobold demonologist
   724 | D        | Reached skill level 13 in Fighting
   724 | D        | Paralysed by a giant eyeball for 2 turns
   729 | D        | Killed a smoke demon
   734 | D        | Killed a kobold demonologist
   734 | D        | Acquired Trog's third power
   734 | D        | Reached XP level 8. HP: 84/104 MP: 8/8
   874 | D        | Noticed a demonic crawler
   874 | D        | Noticed a demonic crawler
   874 | D        | Noticed a demonic crawler
   874 | D        | Noticed a demonic crawler
   879 | D        | Killed a demonic crawler
   879 | D        | Reached skill level 14 in Fighting
   882 | D        | Killed a demonic crawler
   885 | D        | Killed a demonic crawler
   885 | D        | Reached skill level 15 in Fighting
   885 | D        | Reached XP level 9. HP: 82/115 MP: 9/9
   888 | D        | Killed a demonic crawler
   888 | D        | Reached skill level 15 in Maces & Flails
   976 | D        | Killed a yellow wasp
  1142 | D        | Noticed a centaur warrior
  1143 | D        | Noticed a centaur warrior
  1147 | D        | Killed a centaur warrior
  1147 | D        | Reached skill level 10 in Dodging
  1149 | D        | Killed a centaur warrior
  1149 | D        | Reached skill level 16 in Fighting
  1149 | D        | Reached skill level 1 in Stealth
  1177 | D        | Killed a gargoyle
  1363 | D        | Noticed a yellow wasp
  1369 | D        | Killed a yellow wasp
  1412 | D        | Noticed a deep troll
  1421 | D        | Killed a deep troll
  1421 | D        | Reached XP level 10. HP: 61/128 MP: 10/10
  1617 | D        | Found Voel's Armour Emporium.
  1654 | D        | Noticed a gargoyle
  1675 | D        | Killed a gargoyle
  1675 | D        | Reached skill level 17 in Maces & Flails
  1709 | D        | Noticed an oklob plant
  1717 | D        | Killed an oklob plant
  1836 | D        | Killed a yellow wasp
  1848 | D        | Noticed a trapdoor spider
  1852 | D        | Killed a trapdoor spider
  1852 | D        | Noticed a trapdoor spider
  1859 | D        | Killed a trapdoor spider
  2057 | D        | Noticed a trapdoor spider
  2060 | D        | Killed a trapdoor spider
  2066 | D        | Noticed a trapdoor spider
  2072 | D        | Killed a trapdoor spider
  2076 | D        | Noticed a jelly
  2076 | D        | Noticed a jelly
  2076 | D        | Noticed a jelly
  2076 | D        | Noticed a jelly
  2076 | D        | Noticed a jelly
  2076 | D        | Noticed a jelly
  2076 | D        | Noticed a jelly
  2085 | D        | Killed a jelly
  2086 | D        | Killed a jelly
  2090 | D        | Killed an unseen horror
  2090 | D        | Reached skill level 18 in Maces & Flails
  2100 | D        | HP: 4/132 [something (4)]
  2102 | D        | Slain by an unseen horror

Action                   |  1- 3 |  4- 6 |  7- 9 | 10-12 || total
-------------------------+-------+-------+-------+-------++-------
Melee: Mace              |    21 |       |       |       ||    21
       Giant spiked club |       |    13 |    42 |    39 ||    94
Invok: Berserk           |     2 |       |     3 |     1 ||     6
       Brothers in Arms  |       |       |     1 |       ||     1
       Trog's Hand       |       |       |       |     2 ||     2
  Use: Potion            |       |     1 |       |     1 ||     2
 Stab: Distracted        |       |       |     1 |       ||     1
  Eat: Meat ration       |       |       |     1 |       ||     1
       Chunk             |       |       |     1 |     2 ||     3
       Pizza             |       |       |       |     1 ||     1
       Beef jerky        |       |       |       |     1 ||     1
